 Dungeon Crawl Stone Soup version 0.23-a0-563-g409694ba0a (webtiles) character file.

16389 Armakuni the Cruncher (level 12, -2/92 HPs)
             Began as a Human Monk on Dec 13, 2018.
             Was an Elder of the Shining One.
             Slain by a lindwurm (3 damage)
             ... on level 3 of the Lair of Beasts.
             The game lasted 00:40:20 (13832 turns).

Armakuni the Cruncher (Human Monk)                 Turns: 13832, Time: 00:40:21

Health: -2/92      AC: 13    Str: 15    XL:     12   Next: 69%
Magic:  16/16      EV: 15    Int: 11    God:    the Shining One [****..]
Gold:   872        SH:  0    Dex: 17    Spells: 11/11 levels left

rFire    + . .     SeeInvis .   a - +2 dire flail (venom)
rCold    + . .     Gourm    .   (shield currently unavailable)
rNeg     + + .     Faith    .   r - +1 ring mail {rPois}
rPois    +         Spirit   .   u - +0 helmet
rElec    .         Reflect  .   p - +0 cloak
rCorr    .         Harm     .   x - +2 pair of gloves
MR       .....                  (no boots)
Stlth    +.........             (no amulet)
HPRegen  0.25/turn              F - ring of protection from fire
MPRegen  0.15/turn              J - ring of protection from cold

@: about to teleport, very slightly contaminated, glowing
A: no striking features
a: Divine Shield, Cleansing Flame, Renounce Religion


You were on level 3 of the Lair of Beasts.
You worshipped the Shining One.
The Shining One was greatly pleased with you.
You were not hungry.

You visited 3 branches of the dungeon, and saw 13 of its levels.

You collected 872 gold pieces.

Inventory:

Hand Weapons
 a - a +2 dire flail of venom (weapon)
 b - the +7 lajatang of Order {silver, rMut}
   (You found it on level 9 of the Dungeon)

   It protects you from mutation.
 G - a +0 triple sword
Armour
 m - a +0 plate armour
 p - a +0 cloak (worn)
 r - a +1 ring mail of poison resistance (worn)
 u - a +0 helmet (worn)
 x - a +2 pair of gloves (worn)
Magical Staves
 E - an uncursed staff of power
Jewellery
 F - a ring of protection from fire (left hand)
 I - an uncursed ring of magical power
 J - a ring of protection from cold (right hand)
 N - an uncursed ring of positive energy
Wands
 h - a wand of paralysis (3)
 q - a wand of disintegration (16)
 s - a wand of polymorph (7)
 v - a wand of flame (30)
 A - a wand of digging (6)
Scrolls
 f - 9 scrolls of remove curse
 g - 8 scrolls of teleportation
 j - 9 scrolls of identify
 k - a scroll of enchant armour
 n - 2 scrolls of amnesia
 t - 3 scrolls of fog
 y - 2 scrolls of blinking
 C - a scroll of brand weapon
 D - a scroll of magic mapping
 L - a scroll of immolation
Potions
 d - 8 potions of lignification
 e - a potion of flight
 i - 2 potions of curing
 l - 5 potions of magic
 o - a potion of ambrosia
 w - a potion of mutation
Comestibles
 c - 23 rations


   Skills:
 - Level 7.8 Fighting
 - Level 10.0(11.7) Maces & Flails
 - Level 10.4(11.9) Staves
 - Level 7.5 Armour
 - Level 7.5 Dodging
 - Level 2.0 Stealth
 + Level 5.6 Invocations
 - Level 4.0 Evocations


You had 11 spell levels left.
You didn't know any spells.
Your spell library contained the following spells:

 Spells                   Type           Power        Failure   Level  Hunger
 Magic Dart               Conj           #...         54%         1    ##.....
 Searing Ray              Conj           #.....       67%         2    ###....
 Dazzling Spray           Conj/Hex       #.....       88%         3    ####...
 Force Lance              Conj/Tloc      #.......     99%         4    #####..
 Fulminant Prism          Conj/Hex       #.........   99%         4    #####..
 Iskenderun's Mystic Bla  Conj           #.......     99%         4    #####..
 Bolt of Magma            Conj/Fire/Erth #.........   100%        5    ######.
 Iskenderun's Battlesphe  Conj/Chrm      #.......     100%        5    ######.
 Venom Bolt               Conj/Pois      #.........   100%        5    ######.
 Iron Shot                Conj/Erth      #.........   100%        6    #######
 Orb of Destruction       Conj           #.........   100%        7    #######
 Spellforged Servitor     Conj/Summ      #.........   100%        7    #######


Dungeon Overview and Level Annotations

Branches:
Dungeon (9/15)             Temple (1/1) D:6            Lair (3/6) D:9
  Swamp (0/4) Lair:3
  Snake: Lair:2-4    Spider: Lair:2-4       Orc: D:9-12

Altars:
Ashenzari
Cheibriados
Dithmenos
Elyvilon
Fedhas
Gozag
Hepliaklqana
Kikubaaqudgha
Makhleb
Nemelex Xobeh
Okawaru
Qazlal
Ru
Sif Muna
Trog
Uskayaw
Vehumet
Wu Jian
Xom
Yredelemnul
Zin
The Shining One

Shops:
D:9 [


Message History

The lindwurm closely misses you. The lindwurm misses you.
The lindwurm completely misses you. The lindwurm misses your wolf.
The lindwurm claws your wolf. The lindwurm misses your wolf.
You puncture the lindwurm!
The lindwurm is poisoned.
The lindwurm is severely wounded.
The lindwurm misses you. The lindwurm closely misses you.
The lindwurm misses you. The lindwurm breathes flames at you.
The blast of flame hits you! You resist.
* * * LOW HITPOINT WARNING * * *
The blast of flame misses your wolf.
Unknown command.
You hit the lindwurm.
The lindwurm is almost dead.
The lindwurm breathes flames at you. The blast of flame hits your wolf.
Your wolf dies!
Your wolf's corpse dissolves into shadows!
The blast of flame hits you! You resist. The lindwurm bites you.
You die...

.###....§§§§§...##...≈≈≈≈§....#
#......§§≈≈≈§..####..≈≈≈≈≈...##
#..#....§≈≈≈§.#.$!.#..≈§≈≈...##
##.#...≈§≈§§§##%)>:##.≈§≈≈≈..P#
# #...§≈§§§§##[=|/##§≈§§≈≈..##
##...§§§§..#.%[.#.§§§≈§§..#
#...≈§§≈≈..## ..≈§≈§§.§.#
#...§§§≈≈.kk##...≈≈§§§§..##
#....§≈≈§≈≈†@k.≈≈≈≈≈§.....#
#....§§§≈≈≈≈≈≈≈≈≈≈≈§§§...##
####.P...§≈≈≈≈≈≈≈≈≈≈≈≈≈§.§..##
##.#..P...§§≈≈≈≈≈≈≈≈≈§§.......#
#P.#.)##..§§.≈≈≈≈≈≈≈≈.....P...##
........#.......≈§.......>.....#
##..#.P.###.............#P..####
........P#.####......######.#
#.#P....#### #...#..## #..##


You could see 3 lindwurms.

Vanquished Creatures
  3 hydras
  Nergalle (Lair:3)
  A lindwurm (Lair:3)
  Maurice (D:8)
  2 black mambas
  3 komodo dragons (Lair:3)
  6 spiny frogs
  A polar bear (Lair:3)
  3 hippogriffs
  10 yaks
  4 wyverns
  2 spriggans
  A basilisk (Lair:3)
  A hungry ghost (D:7)
  6 vampire mosquitoes (Lair:3)
  2 wargs (D:9)
  4 water moccasins
  A porcupine (Lair:2)
  3 orc warriors
  3 black bears
  A phantom (D:6)
  An ice beast (D:9)
  3 ogres
  2 necrophages
  3 centaurs
  8 wolves
  6 crocodiles
  2 big kobolds
  4 bullfrogs
  A wyvern skeleton (D:7)
  2 scorpions
  2 howler monkeys (D:8)
  12 wights
  An electric eel (Lair:3)
  A crimson imp (D:6)
  2 centaur zombies
  A quasit (D:9)
  A bullfrog zombie (D:6)
  5 hounds
  4 jellies
  4 orc priests
  12 orc wizards
  2 bullfrog skeletons (D:9)
  2 centaur skeletons
  4 iguanas
  12 worker ants
  A worker ant zombie (D:6)
  4 adders
  2 shadow imps (D:5)
  An adder skeleton (D:5)
  2 worms
  2 dart slugs
  8 leopard geckos
  44 orcs
  7 bats
  6 giant cockroaches
  7 goblins
  6 hobgoblins
  15 jackals
  22 kobolds
  2 quokkas
  5 ball pythons
  4 frilled lizards
  A jackal zombie (D:7)
  A leopard gecko skeleton (D:7)
  A leopard gecko zombie (D:8)
  7 rats
304 creatures vanquished.

Vanquished Creatures (others)
  An orc wizard (D:3)
  A fungus (Lair:1)
  A plant (D:9)
3 creatures vanquished.

Grand Total: 307 creatures vanquished

Notes
Turn   | Place    | Note
-------+----------+-------------------------------------------
     0 | D:1      | Armakuni the Human Monk began the quest for the Orb.
     0 | D:1      | Reached XP level 1. HP: 18/18 MP: 1/1
    68 | D:1      | Reached XP level 2. HP: 15/24 MP: 2/2
   361 | D:1      | Reached XP level 3. HP: 29/29 MP: 3/3
  1109 | D:2      | Found a burning altar of Makhleb.
  1126 | D:2      | Reached skill level 1 in Armour
  1291 | D:2      | Reached XP level 4. HP: 37/37 MP: 4/4
  1365 | D:2      | Found a white marble altar of Elyvilon.
  1767 | D:3      | Reached XP level 5. HP: 32/42 MP: 5/5
  2131 | D:3      | Found a deep blue altar of Sif Muna.
  2524 | D:3      | Reached XP level 6. HP: 24/48 MP: 6/6
  3715 | D:3      | HP: 2/49 [orc wizard/+0 dagger (2)]
  3722 | D:3      | Reached XP level 7. HP: 16/55 MP: 7/7
  3997 | D:4      | Found a hazy altar of Hepliaklqana.
  3999 | D:4      | Found a shadowy altar of Dithmenos.
  4013 | D:4      | Found a bloodstained altar of Trog.
  4206 | D:4      | Reached skill level 5 in Fighting
  4339 | D:5      | Entered Level 5 of the Dungeon
  4613 | D:5      | Reached skill level 5 in Armour
  4613 | D:5      | Reached skill level 5 in Dodging
  4613 | D:5      | Reached XP level 8. HP: 36/63 MP: 8/8
  5452 | D:5      | Found a radiant altar of Vehumet.
  5603 | D:5      | Reached skill level 1 in Evocations
  6261 | D:6      | Reached XP level 9. HP: 44/69 MP: 12/12
  6569 | D:6      | Found a staircase to the Ecumenical Temple.
  6578 | Temple   | Entered the Ecumenical Temple
  6774 | Temple   | Became a worshipper of the Shining One
  6774 | Temple   | Reached * piety under the Shining One
  6774 | Temple   | Reached ** piety under the Shining One
  7038 | D:7      | Found a shattered altar of Ashenzari.
  7092 | D:7      | Noticed a hippogriff
  7110 | D:7      | Killed a hippogriff
  7295 | D:7      | Reached skill level 5 in Maces & Flails
  7354 | D:7      | Noticed a hippogriff
  7372 | D:7      | Killed a hippogriff
  7377 | D:7      | Reached skill level 5 in Invocations
  7997 | D:8      | Reached XP level 10. HP: 69/77 MP: 13/13
  8063 | D:8      | Noticed Maurice
  8078 | D:8      | Paralysed by Maurice for 6 turns
  8096 | D:8      | Killed Maurice
  8448 | D:8      | Reached *** piety under the Shining One
  9108 | D:9      | Found a staircase to the Lair.
  9234 | D:9      | Found Ruimumad's Armour Shoppe.
  9591 | D:9      | Found the +7 lajatang of Order {silver, rMut}
  9604 | D:9      | Reached XP level 11. HP: 86/86 MP: 14/14
  9708 | D:9      | Reached skill level 1 in Staves
 10247 | Lair:1   | Entered Level 1 of the Lair of Beasts
 10324 | Lair:1   | Reached skill level 5 in Staves
 10633 | Lair:1   | Noticed a six-headed hydra
 10907 | Lair:1   | Killed a six-headed hydra
 11301 | Lair:1   | Noticed an eight-headed hydra
 11307 | Lair:1   | Killed an eight-headed hydra
 12166 | Lair:2   | Reached XP level 12. HP: 65/92 MP: 15/15
 12532 | Lair:2   | Noticed a six-headed hydra
 12545 | Lair:2   | Killed a six-headed hydra
 13176 | Lair:3   | Found a staircase to the Swamp.
 13177 | Lair:3   | Reached **** piety under the Shining One
 13190 | Lair:3   | Reached skill level 10 in Staves
 13481 | Lair:3   | Noticed Nergalle
 13499 | Lair:3   | Killed Nergalle
 13499 | Lair:3   | Reached skill level 10 in Maces & Flails
 13831 | Lair:3   | HP: 1/92 [lindwurm/blast of flame (10)]
 13832 | Lair:3   | Slain by a lindwurm

Vault maps used:
D:1:      evilmike_arrival_run_for_it
D:2:      bloody_makhleb, elyvilon_altar_5, minmay_misc_feat_tower
D:3:      palyth_stone_intersect, led_sif_book
D:4:      nicolae_overflow_crystal_walls, nicolae_overflow_hidden_temple
D:5:      vehumet_altar_wand_db, first_ration
D:6:      minmay_temple_entry_poolview
D:7:      lemuel_altar_in_water
D:8:      uniq_maurice
D:9:      erik_lair_orcish_takeover, serial_shops, nicolae_shop_crystal,
          the_bakery
Temple:   regret_index_temple_sphere_string
Lair:2:   grunt_forest_stairs_clearing, serial_bayou_shore_a
Lair:3:   minmay_swamp_entry_swarm, minmay_lindwurm_lava,
          infiniplex_staircase_pool, uniq_nergalle

Skill      XL: |  1  2  3  4  5  6  7  8  9 10 11 12 |
---------------+-------------------------------------+-----
Armour         | 1 3 4 5 6 7 |  7.5
Fighting       | 4 5 6 7 |  7.8
Dodging        | 4 5 6 7 |  7.5
Evocations     | 4 |  4.0
Invocations    | 5 |  5.6
Maces & Flails | 6 7 8 10 | 10.0
Staves         | 8 10 | 10.4
Stealth        | |  2.0

Action                   |  1- 3 |  4- 6 |  7- 9 | 10-12 || total
-------------------------+-------+-------+-------+-------++-------
Melee: Mace              |   112 |       |       |       ||   112
       Dagger            |    17 |   135 |   311 |       ||   463
       Whip              |       |    28 |     6 |       ||    34
       Flail             |       |     3 |    92 |       ||    95
       Morningstar       |       |       |     3 |   145 ||   148
       Dire flail        |       |       |       |   208 ||   208
       Lajatang          |       |       |       |    43 ||    43
Throw: Tomahawk          |       |    23 |       |     2 ||    25
Invok: Divine Shield     |       |       |     4 |     5 ||     9
Evoke: Wand              |       |       |     2 |    39 ||    41
  Use: Scroll            |     9 |     4 |     4 |     9 ||    26
       Potion            |       |     3 |     5 |     2 ||    10
 Stab: Sleeping          |     4 |     1 |       |       ||     5
       Distracted        |     1 |     1 |       |       ||     2
  Eat: Chunk             |     1 |     5 |    14 |     5 ||    25
       Ration            |       |     1 |     1 |     4 ||     6
Armor: Robe              |     7 |       |       |       ||     7
       Ring mail         |    37 |    46 |   161 |   127 ||   371
       Skin              |       |       |    22 |       ||    22
       Plate armour      |       |       |       |    10 ||    10
Dodge: Dodged            |   108 |   119 |   338 |   289 ||   854
Block: Other             |       |       |    17 |    25 ||    42

Table legend:
 A = Non-vault XP
 B = Vault XP
 C = Vault XP percentage of total XP
 D = Non-vault monster count
 E = Vault monster count
 F = Vault count percentage of total count
                 A         B        C        D         E       F
            +---------+---------+-------+---------+---------+-------
      Total |   19039 |    4375 |  18.7 |     277 |      28 |   9.2
            +---------+---------+-------+---------+---------+-------
        D:1 |      55 |       5 |   8.3 |      30 |       1 |   3.2
        D:2 |      56 |       0 |   0.0 |      19 |       0 |   0.0
        D:3 |     223 |      68 |  23.4 |      29 |       2 |   6.5
        D:4 |     396 |       0 |   0.0 |       9 |       0 |   0.0
        D:5 |     559 |       2 |   0.4 |      32 |       1 |   3.0
        D:6 |     887 |       0 |   0.0 |      26 |       0 |   0.0
        D:7 |    1242 |       0 |   0.0 |      20 |       0 |   0.0
        D:8 |    1612 |     520 |  24.4 |      36 |       2 |   5.3
        D:9 |    3025 |     794 |  20.8 |      35 |       9 |  20.5
     Lair:1 |    4803 |       0 |   0.0 |      19 |       0 |   0.0
     Lair:2 |    3415 |     707 |  17.2 |      11 |       5 |  31.2
     Lair:3 |    2766 |    2279 |  45.2 |      11 |       8 |  42.1
            +---------+---------+-------+---------+---------+-------
